Cogmind - Beta 10.2 @@@ ROGUE MODE // 2021.08.26 @ 22:23:15 Player: Savant Result: Destroyed by Y-72 Warden with Railgun Performance ------------- Evolutions (8) 4000 Regions Visited (31) 6200 Robots Destroyed (388) 1940 Value Destroyed (19682) 19682 Prototype IDs (69) 1380 Alien Tech Used (5) 1000 Bonus (12177) 12177 TOTAL SCORE: 46379 Bonus ------- High Alert Combat Kills 3371 Follower Combat Kills 3294 Entered Garrisons 400 Used RIF Installer 1000 Met Imprinter 300 Met Zhirov 300 Built Enhanced Grunts 300 Met R17 at Cetus 500 Found Hidden Lab 3000 Met R17 at Research 2000 Pursued by Intercept 500 Friendly Fire -2788 Cogmind --------- Core Integrity 0/1450 Matter 234/300 Energy 29/100 System Corruption 20% Temperature Cool (0) Movement Core (50) Location -2/Research Parts ------- > --- POWER (2) -------- (None) > --- PROPULSION (4) --- Biometal Medium Treads > --- UTILITY (14) ----- Experimental Coolant Injector Experimental Optical Array Advanced Signal Interpreter Advanced Target Analyzer Advanced Armor Integrity Analyzer Faulty Beam Splitter Experimental Hacking Suite Relay Coupler [Programmer] (50) > --- WEAPON (4) ------- (None) > --- INVENTORY (4) ---- Relay Coupler [Programmer] (82) Relay Coupler [Programmer] (68) Tachyon Dispersion Ray Peak State ------------ > --- POWER ------------ Quantum Reactor Improved Quantum Reactor > --- PROPULSION ------- Advanced Heavy Treads Myomer Leg Myomer Leg > --- UTILITY ---------- Advanced Coolant Injector High-capacity Storage Unit High-capacity Storage Unit High-capacity Storage Unit Experimental Optical Array Advanced Signal Interpreter Advanced Armor Integrity Analyzer Experimental Powered Armor Medium Regenerative Plating Improved Focal Shield Experimental Hacking Suite Deep Network Scanner Experimental System Shield > --- WEAPON ----------- Enhanced Quantum Rifle Enhanced Nova Cannon Coil Gun Guided Remote Datajack > --- INVENTORY -------- Light Antimatter Reactor Improved Antigrav System Combat Linear Gravjet Experimental Energy Well Matter Compressor Inertial Stasis Machine Long-range Sensor Array Advanced Target Analyzer Precision Matter Filter Improved Weapon Cycler Experimental Shield Generator Relay Coupler [Programmer] Relay Coupler [Programmer] Relay Coupler [Programmer] Assault Drone Bay Transdimensional Reconstructor Tachyon Dispersion Ray Tachyon Dispersion Ray Enhanced Quantum Rifle Enhanced Quantum Rifle Enhanced Quantum Rifle Enhanced Quantum Rifle Enhanced Quantum Rifle Gamma Bomb Array Advanced Remote Datajack Plasma Lance [Rating: 179] Favorites ----------- Power Quantum Reactor Engine Heavy Ion Engine Reactor Quantum Reactor Propulsion Centrium Heavy Treads Treads Centrium Heavy Treads Leg Carbon-fiber Leg Wheel Armored Huge Wheel Hover Unit Combat Gravmag System Utility High-capacity Storage Unit Device Long-range Sensor Array Storage High-capacity Storage Unit Processor Advanced Targeting Computer Hackware Advanced Hacking Suite Protection Centrium Medium Armor Plating Weapon Improved KE Penetrator Energy Gun Heavy EM Shotgun Energy Cannon Disruptor Cannon Ballistic Gun Improved KE Penetrator Ballistic Cannon Bore Cannon Launcher Micro-nuke Launcher Special Weapon Remote Datajack Slashing Weapon Makeshift Axe Piercing Weapon Force Lance Build | -11 -10 -10 -9 -9 -9 -8 -8 -7 -7 -7 -7 -6 -6 -6 -5 -5 -5 -5 -5 -5 -5 -5 -4 -4 -4 -4 -3 -3 -3 -3 -2 ------- Run | Scr Mat Min Mat Min Exi Min Mat Fac Low Low Zio Pro Fac Gar Fac Was Fac Ext Cet Arc Hub Gar Fac Upp Upp Zhi Pro Res Arm Lab Res Slots Evolved 16 | . . . 2 . . . 2 2 . . . . 2 . 2 . . . . . . . 2 . . . . 2 . . 2 Power 1 | . . . . . . . . . . . . . . . . . . . . . . . . . . . . 1 . . . Propulsion 2 | . . . 1 . . . 1 . . . . . . . . . . . . . . . . . . . . . . . . Utility 11 | . . . 1 . . . 1 1 . . . . 2 . 2 . . . . . . . 1 . . . . 1 . . 2 Weapon 2 | . . . . . . . . 1 . . . . . . . . . . . . . . 1 . . . . . . . . Parts Attached 664 | 6 6 4 13 3 2 2 12 38 10 3 2 2 34 13 6 8 46 83 16 3 4 12 24 15 19 9 17 68 98 23 63 Power 25 | 1 . . 1 . . . 1 1 . . . 1 . . . 1 . 2 2 . . . . . . . 1 5 3 . 6 Engine 7 | 1 . . 1 . . . 1 1 . . . 1 . . . 1 . 1 . . . . . . . . . . . . . Core . | . . . . . . . . . . . . . . . . . . . . . . . . . . . . . . . . Reactor 18 | . . . . . . . . . . . . . . . . . . 1 2 . . . . . . . 1 5 3 . 6 Propulsion 106 | 2 2 1 5 2 . 2 2 6 1 . . . 3 . 1 1 7 25 3 . . . 2 . 7 2 2 7 5 . 18 Treads 56 | . 1 . 4 2 . 2 2 3 1 . . . 2 . 1 1 3 8 3 . . . 1 . 5 1 2 5 5 . 4 Leg 24 | . 1 . . . . . . . . . . . . . . . 4 14 . . . . . . . . . 2 . . 3 Wheel 12 | 2 . 1 1 . . . . 3 . . . . 1 . . . . 3 . . . . . . 1 . . . . . . Hover 14 | . . . . . . . . . . . . . . . . . . . . . . . 1 . 1 1 . . . . 11 Flight . | . . . . . . . . . . . . . . . . . . . . . . . . . . . . . . . . Utility 271 | 1 3 . 3 . 1 . 4 12 6 1 2 1 7 6 3 5 20 26 4 1 4 9 16 8 4 6 7 30 48 14 19 Device 159 | . . . 1 . . . . 6 4 1 . 1 1 3 2 3 12 13 2 . 3 6 9 6 3 3 6 17 38 7 12 Storage 25 | 1 3 . . . 1 . 2 2 . . 2 . . . . . 1 6 . . . . 1 . . . . . . 3 3 Processor 13 | . . . 1 . . . . . . . . . 1 . . . 1 2 . . . . 1 . . . . 4 2 . 1 Hackware 19 | . . . . . . . 1 2 . . . . 3 1 . 1 . 2 . . . . 2 . . . . 2 1 2 2 Protection 55 | . . . 1 . . . 1 2 2 . . . 2 2 1 1 6 3 2 1 1 3 3 2 1 3 1 7 7 2 1 Artifact . | . . . . . . . . . . . . . . . . . . . . . . . . . . . . . . . . Weapon 262 | 2 1 3 4 1 1 . 5 19 3 2 . . 24 7 2 1 19 30 7 2 . 3 6 7 8 1 7 26 42 9 20 Energy Gun 71 | 1 1 1 2 . . . 1 13 2 1 . . 10 3 . . . 8 2 . . . . . . . 1 2 8 3 12 Energy Cannon 34 | . . . 1 1 . . 3 1 . . . . 1 . . . 3 6 1 . . . 1 1 . . 1 6 6 1 1 Ballistic Gun 103 | 1 . 1 1 . 1 . . 2 1 1 . . 9 3 1 . 9 8 3 2 . 3 4 4 4 1 4 14 21 4 1 Ballistic Cannon 2 | . . . . . . . . . . . . . . . . . . 2 . . . . . . . . . . . . . Launcher 11 | . . . . . . . . 1 . . . . . . . . 2 1 . . . . . 1 1 . . 2 . . 3 Special Weapon 20 | . . 1 . . . . . . . . . . . 1 . 1 2 3 1 . . . 1 1 . . . 1 6 . 2 Impact Weapon . | . . . . . . . . . . . . . . . . . . . . . . . . . . . . . . . . Slashing Weapon 8 | . . . . . . . 1 2 . . . . 4 . 1 . . . . . . . . . . . . . . . . Piercing Weapon 13 | . . . . . . . . . . . . . . . . . 3 2 . . . . . . 3 . 1 1 1 1 1 Special Melee Weapon . | . . . . . . . . . . . . . . . . . . . . . . . . . . . . . . . . Unidentified Prototypes 37 | . . . . . . . 1 1 . . . . . . . . . 1 4 . . . . . 1 5 . 7 4 9 4 Parts Lost 144 | . . 2 1 . . . 2 2 3 . . 1 . 3 . . 9 29 . . . 1 . . 1 . 5 15 16 1 53 Power 12 | . . . . . . . . . . . . . . . . . . 1 . . . . . . . . 1 2 1 . 7 Propulsion 27 | . . 1 . . . . 1 . . . . . . . . . 2 9 . . . . . . 1 . 1 2 1 . 9 Utility 49 | . . . . . . . . 1 . . . 1 . . . . 6 9 . . . 1 . . . . . 4 7 . 20 Weapon 56 | . . 1 1 . . . 1 1 3 . . . . 3 . . 1 10 . . . . . . . . 3 7 7 1 17 Highest Loss Streak 22 | . . 2 1 . . . 1 1 3 . . 1 . 2 . . 4 18 . . . 1 . . 1 . 2 14 10 1 22 Average Slot Usage (%) 91 | . 99 100 99 100 100 100 99 96 92 92 92 92 92 92 90 87 90 92 90 88 88 87 88 88 91 94 92 89 87 79 75 Engine 4 | . 14 14 11 11 11 11 9 7 7 7 7 7 6 6 5 5 5 3 . . . . . . . . . . . . . Reactor 2 | . . . . . . . . . . . . . . . . . . 1 4 5 5 5 5 5 5 5 5 8 8 9 5 Treads 13 | . 12 14 22 22 22 22 26 19 15 15 15 15 13 13 7 8 11 10 13 11 11 11 9 10 12 14 12 8 9 9 2 Wheel 3 | . 15 14 11 11 11 11 9 6 7 7 7 7 6 6 5 1 . . . . . . . . . . . . . . . Device 6 | . . . . . . . . 3 6 7 3 4 6 4 11 11 13 7 15 11 11 10 9 4 5 8 5 4 9 9 7 Storage 17 | . 27 28 22 22 22 22 18 15 15 15 18 23 20 20 17 17 17 19 17 17 17 17 15 15 15 15 15 13 13 14 9 Processor 7 | . . . 9 . . . . . . . . . . . . . 2 10 11 11 11 11 10 15 15 15 15 13 17 18 14 Hackware 7 | . . . . . . . 8 10 7 7 7 2 12 15 17 17 10 8 . . . . 5 10 10 10 10 17 6 3 8 Protection 5 | . . . . 11 11 11 9 7 6 7 7 7 6 5 5 5 4 3 4 11 11 10 9 5 5 6 10 4 3 3 3 Energy Gun 5 | . 14 14 10 . . . 6 20 15 15 23 23 10 12 3 . . 2 7 . . . . . . . 2 1 1 3 4 Energy Cannon 1 | . . . . 11 11 11 1 . . . . . . . . . . 2 3 . . . . . . . 2 . . 1 2 Ballistic Gun 10 | . 14 11 11 11 11 11 8 . 6 6 . . 6 5 11 11 14 5 4 17 17 17 20 20 18 18 14 13 15 3 1 Naked Turns . | . . . . . . . . . . . . . . . . . . . . . . . . . . . . . . . . Heaviest Build 205 | 13 42 42 54 54 68 67 83 91 94 95 125 134 136 139 136 135 172 146 180 151 152 152 161 152 154 154 158 173 205 182 183 Greatest Support 160 | 26 26 20 43 43 12 43 62 70 30 28 28 50 58 58 70 140 140 124 160 160 160 160 160 160 160 140 140 150 160 150 150 Greatest Overweight (x) 48 | . 4 4 4 4 5 5 6 7 3 3 4 4 4 4 4 4 2 13 48 . . . 1 . 4 1 1 3 1 1 7 Average Overweight (x) 2 | . 3 3 2 3 4 4 5 5 2 3 3 3 3 3 3 1 . 3 . . . . . . 1 1 1 1 . . . Largest Inventory Capacity 28 | 6 16 16 16 16 18 18 20 20 20 20 28 28 28 28 28 28 28 28 28 28 28 28 28 28 28 28 28 28 28 28 28 Average Capacity 24 | 5 15 16 16 16 17 18 19 20 20 20 23 28 28 28 28 28 28 28 28 28 28 28 28 28 28 28 28 28 28 28 18 Most Carried 28 | 5 11 12 16 16 18 18 20 20 20 20 28 28 28 28 28 28 28 28 28 28 28 28 28 28 28 28 28 28 28 28 28 Average Carried 24 | 2 8 10 14 15 17 17 18 19 19 19 22 27 27 27 27 27 27 26 27 27 27 27 27 28 27 27 27 27 27 26 17 Final Capacity 28 | 6 16 16 16 16 18 18 20 20 20 20 28 28 28 28 28 28 28 28 28 28 28 28 28 28 28 28 28 28 28 28 4 Final Carried 28 | 5 11 10 15 16 18 18 20 20 20 20 28 28 28 28 28 28 25 28 28 28 28 28 28 28 27 28 28 28 25 28 3 Class Distribution -------------------- 26% | Scavenger-Gunner 16% | Hauler-Tank 7% | Bothacker-Gunner 7% | Mutant 7% | Bothacker-Mutant 5% | Scavenger-Mutant 4% | Bothacker-Skirmisher 3% | Derelict-Mutant 3% | Hacker-Mutant 3% | Hauler-Mutant 3% | Hacker-Gunner Dominant Class ---------------- Mutant | -10/Materials Mutant | -10/Mines Scavenger-Mutant | -9/Materials Mutant | -9/Mines Commander-Mutant | -9/Exiles Derelict-Mutant | -8/Mines Hauler-Mutant | -8/Materials Hauler-Tank | -7/Factory Hauler-Tank | -7/Lower Caves Hauler-Tank | -7/Lower Caves Hauler-Tank | -7/Zion Hauler-Tank | -6/Proximity Caves Hauler-Tank | -6/Factory Bothacker-Mutant | -6/Garrison Bothacker-Skirmisher | -5/Factory Bothacker-Mutant | -5/Waste Bothacker-Skirmisher | -5/Factory Hacker-Mutant | -5/Extension Bothacker-Gunner | -5/Cetus Scavenger-Gunner | -5/Archives Scavenger-Gunner | -5/Hub_04(d) Scavenger-Gunner | -5/Garrison Scavenger-Tank | -4/Factory Scavenger-Gunner | -4/Upper Caves Scavenger-Gunner | -4/Upper Caves Scavenger-Gunner | -4/Zhirov Bothacker-Gunner | -3/Proximity Caves Hacker-Gunner | -3/Research Scavenger-Gunner | -3/Armory Scavenger-Gunner | -3/Lab Scavenger-Mutant | -2/Research Resources | -11 -10 -10 -9 -9 -9 -8 -8 -7 -7 -7 -7 -6 -6 -6 -5 -5 -5 -5 -5 -5 -5 -5 -4 -4 -4 -4 -3 -3 -3 -3 -2 ----------- Run | Scr Mat Min Mat Min Exi Min Mat Fac Low Low Zio Pro Fac Gar Fac Was Fac Ext Cet Arc Hub Gar Fac Upp Upp Zhi Pro Res Arm Lab Res Matter Collected 14773 | 197 128 274 261 71 20 85 340 407 144 55 20 20 603 409 73 137 1097 1896 438 63 366 372 1060 591 423 . 462 902 2701 81 1077 Remotely 18 | . . . . . . . . . . . . . . . . . . . . . . . . . . . . . 18 . . Salvage Created 20572 | . 248 134 617 146 50 256 968 805 175 75 . 215 569 406 73 . 1792 2202 632 86 793 652 1183 960 665 . 606 738 4020 81 1425 Parts 992 | . 13 12 41 8 . 13 49 50 14 4 . 10 22 17 5 . 70 101 19 4 47 36 53 36 30 . 39 34 194 9 62 Haulers Intercepted 6 | . . . 2 . . . 3 . . . . . . . . . . 1 . . . . . . . . . . . . . Recyclers Shooed . | . . . . . . . . . . . . . . . . . . . . . . . . . . . . . . . . Parts Field Recycled . | . . . . . . . . . . . . . . . . . . . . . . . . . . . . . . . . Retrieved Matter . | . . . . . . . . . . . . . . . . . . . . . . . . . . . . . . . . Parts Self-Destructed 118 | . . . . . . . . . 4 2 3 10 . . . . . . . . . . . 33 34 . 32 . . . . Prevented 29 | . . . . . . . . . 8 2 . 9 . . . . . . . . . . . 2 1 . 7 . . . . Kills | -11 -10 -10 -9 -9 -9 -8 -8 -7 -7 -7 -7 -6 -6 -6 -5 -5 -5 -5 -5 -5 -5 -5 -4 -4 -4 -4 -3 -3 -3 -3 -2 ------- Run | Scr Mat Min Mat Min Exi Min Mat Fac Low Low Zio Pro Fac Gar Fac Was Fac Ext Cet Arc Hub Gar Fac Upp Upp Zhi Pro Res Arm Lab Res Combat Hostiles Destroyed 346 | . 6 5 13 6 . 8 19 16 2 1 . 3 9 6 1 . 28 27 10 1 10 16 21 15 12 . 9 12 63 1 26 Melee 9 | . . . . . . . . . . . . . . . . . . . . . . . . . . . . . 2 . 7 Guns 258 | . 6 5 13 2 . 2 16 7 2 . . 2 9 5 1 . 20 13 4 1 10 16 21 12 8 . 7 7 58 1 10 Cannons 23 | . . . . 4 . 6 1 . . . . . . . . . . 7 1 . . . . . . . 2 . . . 2 AOE 41 | . . . . . . . 2 8 . 1 . . . . . . 4 5 4 . . . . 3 4 . . 3 1 . 6 Classes Destroyed 21 | . 1 2 4 . . 1 2 2 1 . . . . 1 . . 1 1 . . . . . . . . . 2 3 . . Worker 8 | . . . . . . . 2 1 . . . . . . . . 2 . . . 2 . . . . . . . . . 1 Builder 5 | . . . . . . . . 1 . . . . 1 . . . 1 1 . . . . 1 . . . . . . . . Tunneler 3 | . . 1 . . . . . . . . . . . . . . . . . . 1 . . . . . . . . . 1 Hauler 6 | . . . 2 . . . 3 . . . . . . . . . . 1 . . . . . . . . . . . . . Recycler 9 | . . . 1 . . . . 2 . . . . 1 . . . . 3 . . . . . . . . . . . . 2 Operator 2 | . . . . . . . . . . . . . . . . . . 1 . . . . . . . . . . 1 . . Watcher 8 | . . . 1 . . . . . . . . . 1 . . . 1 1 . . 2 . 2 . . . . . . . . Swarmer 93 | . . 3 7 4 . 4 4 8 . . . . 3 . . . . 5 3 . . 10 9 4 5 . . 5 6 . 13 Saboteur 4 | . . . . . . . . . . . . . . . . . . . . . . . . . . . . . 4 . . Grunt 112 | . 6 2 1 2 . 3 8 2 . . . 1 3 4 . . 14 12 3 . 5 5 4 6 6 . 4 . 16 . 5 Brawler 8 | . . . . . . . 1 . . . . 1 . . . . 3 . 1 . . . . 1 . . . . 1 . . Duelist 9 | . . . . . . . . . . . . . . 1 . . 2 . 1 . . . . 2 . . . . 3 . . Protector 2 | . . . . . . . . . . . . . . . . . 2 . . . . . . . . . . . . . . Sentry 47 | . . . 5 . . . 5 4 1 1 . . . 1 1 . 3 7 . 1 3 1 4 2 1 . . 2 4 . 1 Demolisher 4 | . . . . . . . . . . . . . . . . . . . . . . . . . . . . . 4 . . Specialist 4 | . . . . . . . . . . . . . . . . . . . . . . . . . . . . . 4 . . Hunter 19 | . . . . . . 1 1 1 . . . 1 . . . . 2 . 1 . . . 2 . . . 4 . 6 . . Programmer 33 | . . . . . . . . 1 . . . . 3 . . . 2 . . . 2 . 2 . . . 1 1 14 . 7 Behemoth 4 | . . . . . . . . . 1 . . . . . . . . 2 . . . . . . . . . . 1 . . Cetus Guard 1 | . . . . . . . . . . . . . . . . . . . 1 . . . . . . . . . . . . Striker 2 | . . . . . . . . . . . . . . . . . . . . . . . . . . . . 2 . . . Executioner 2 | . . . . . . . . . . . . . . . . . . . . . . . . . . . . 2 . . . Savage 1 | . . . . . . . . . . . . . . . . . . 1 . . . . . . . . . . . . . Best Kill Streak 13 | . 4 2 4 4 . 4 6 6 1 1 . 2 6 3 1 . 9 9 6 1 4 6 5 7 7 . 2 4 6 1 13 Combat Bots Only 12 | . 4 2 4 4 . 4 3 6 1 1 . 2 6 3 1 . 9 9 6 1 3 6 4 7 7 . 2 4 6 1 12 Max Kills in Single Turn 4 | . 1 1 1 2 . 1 3 3 1 1 . 1 2 1 1 . 4 3 2 1 2 2 1 2 2 . 2 1 2 1 3 Gunslinging 1 | . . . . . . . 1 . . . . . 1 . . . . . . . 1 1 . 1 1 . 1 . 1 . 1 Exploded 3 | . . . . . . . 2 3 . 1 . . . . . . 2 3 2 . . . . 1 2 . . 1 1 . 1 Melee 1 | . . . . . . . . . . . . . . . . . . . . . . . . . . . . . 1 . 1 Uniques/NPCs Destroyed 2 | . . . . . . . . . . . . . . . . . . . 1 . . . . . . . . . . 1 . A7 (-5/Cetus) A5 (-3/Lab) Combat | -11 -10 -10 -9 -9 -9 -8 -8 -7 -7 -7 -7 -6 -6 -6 -5 -5 -5 -5 -5 -5 -5 -5 -4 -4 -4 -4 -3 -3 -3 -3 -2 -------- Run | Scr Mat Min Mat Min Exi Min Mat Fac Low Low Zio Pro Fac Gar Fac Was Fac Ext Cet Arc Hub Gar Fac Upp Upp Zhi Pro Res Arm Lab Res Damage Taken 38682 | . 156 310 389 108 . 237 588 1262 591 99 . 311 619 873 146 . 3356 4962 784 55 425 760 1422 916 268 . 1381 3621 5566 633 8844 Core 4202 | . 23 73 30 7 . 21 104 143 125 19 . 41 30 80 48 . 146 575 7 . 22 21 170 26 20 . 124 429 421 51 1446 Absorbed by Shields 1833 | . . . . . . . . . . . . . . . . . . . 313 . . . 181 239 81 . 143 189 633 . 54 Reduced by Siege Mode 756 | . . . . . . . . . . . . . . . . . 223 26 36 . 11 30 47 87 16 . 14 13 242 . 11 Core Remaining (%) 67 | 100 . 61 . . . 85 81 . . . . 53 . 87 . . . . . . . 18 . . . . 70 . . 52 . Volleys Fired 915 | . 15 33 38 7 5 13 46 24 12 3 . 8 20 23 3 3 61 117 35 2 22 20 42 26 17 . 17 54 169 18 62 Largest 4 | . 2 2 2 2 1 2 2 3 3 3 . 3 3 3 3 1 3 3 3 3 3 3 4 4 4 . 4 4 4 4 4 Hottest 312 | . 85 165 98 83 56 80 84 140 150 133 . 165 165 185 84 30 171 204 191 105 105 105 140 151 140 . 228 228 255 184 312 Shots Fired 2320 | . 30 50 76 14 5 26 86 65 29 9 . 24 57 56 9 3 159 227 101 6 69 56 159 83 54 . 63 101 520 68 115 Gun 1956 | . 30 33 76 7 . 13 76 56 29 9 . 24 56 55 9 . 141 121 74 6 69 56 158 75 50 . 52 62 477 67 75 Cannon 254 | . . . . 7 5 13 10 7 . . . . 1 . . . 9 91 26 . . . . . . . 11 28 27 1 18 Launcher 43 | . . . . . . . . 2 . . . . . . . . 6 3 . . . . . 5 4 . . 7 . . 16 Special 67 | . . 17 . . . . . . . . . . . 1 . 3 3 12 1 . . . 1 3 . . . 4 16 . 6 Kinetic 1543 | . 15 16 38 7 . 13 46 14 3 3 . . 50 13 9 . 141 129 29 6 69 56 158 75 50 . 50 44 440 53 16 Thermal 266 | . 15 34 38 5 . . 1 7 . . . . 1 . . . 5 34 . . . . . . . . . 33 27 15 51 Explosive 14 | . . . . . . . . 2 . . . . . . . . . . . . . . . . . . . . . . 12 Electromagnetic 447 | . . . . 2 5 13 39 42 26 6 . 24 6 42 . . 10 52 71 . . . . 5 4 . 13 20 37 . 30 Robot Hit Streak 42 | . 5 11 9 4 8 10 28 17 16 11 . 10 6 12 38 41 42 34 18 7 12 37 24 32 14 . 21 26 32 21 10 Robot Miss Streak 14 | . 2 3 2 1 . 1 3 2 2 2 . 3 14 3 1 . 7 5 3 . 3 2 3 1 1 . 2 3 4 2 10 Penetration Max 2 | . . . . . . . . . . . . . . . . . . 2 . 1 1 . 1 1 1 . . . 1 . 1 Secondary Targets 64 | . . 2 2 . . . 3 1 . . . 2 3 1 . . 4 1 . . 3 4 2 4 2 . 2 1 23 . 4 Max Gunslinging Chain 2 | . . 1 1 . . . 1 1 . . . 1 1 1 . . 1 1 . . 1 1 1 1 1 . 1 1 2 . 1 Shots Hit Robots 1705 | . 21 22 44 8 5 18 74 54 26 8 . 19 46 42 9 3 137 170 71 6 48 40 96 58 31 . 46 64 393 45 101 Core Hits 984 | . 11 8 22 6 1 15 54 47 17 3 . 7 42 29 11 . 170 83 29 3 27 23 45 28 20 . 17 36 139 15 76 Critical Hits 150 | . . . 3 . . . 2 3 1 . . . . 1 . . 1 28 8 1 14 8 25 11 7 . 8 1 25 2 1 Critical Kills 55 | . . . 2 . . . . . . . . . . . . . . 10 . 1 7 5 9 6 5 . 5 . 5 . . Critical Parts Destroyed 83 | . . . 1 . . . 1 3 1 . . . . 1 . . 1 13 7 . 7 3 15 5 2 . 3 1 17 1 1 Melee Attacks 123 | . . . . . . . 2 14 . . . . 10 . 1 . 5 7 . . . . . . 21 . 3 . 1 5 54 Impact . | . . . . . . . . . . . . . . . . . . . . . . . . . . . . . . . . Slashing 27 | . . . . . . . 2 14 . . . . 10 . 1 . . . . . . . . . . . . . . . . Piercing 96 | . . . . . . . . . . . . . . . . . 5 7 . . . . . . 21 . 3 . 1 5 54 Sneak Attacks 2 | . . . . . . . . . . . . . 1 . . . . . . . . . . . . . . . . . 1 Combat Hostiles . | . . . . . . . . . . . . . . . . . . . . . . . . . . . . . . . . Follow-up Attacks . | . . . . . . . . . . . . . . . . . . . . . . . . . . . . . . . . Damage Inflicted 47611 | . 284 291 670 198 99 395 1721 1687 466 173 . 340 1150 799 303 . 4823 4246 1890 232 1608 1022 2499 1685 1055 . 1137 2042 11478 741 4577 Guns 35076 | . 274 291 670 35 . 131 1310 829 414 119 . 340 787 749 303 . 2851 2281 1269 232 1539 1022 2495 1392 768 . 747 1232 11209 741 1046 Cannons 3246 | . . . . 163 99 264 195 151 . . . . . . . . 195 1246 170 . . . . . . . 255 165 . . 343 Explosions 7486 | . . . . . . . 202 707 52 54 . . 264 47 . . 1777 659 451 . . . 4 293 287 . 135 644 181 . 1729 Melee 1618 | . . . . . . . . . . . . . 99 . . . . 60 . . . . . . . . . . . . 1459 Ramming 185 | . 10 . . . . . 14 . . . . . . 3 . . . . . . 69 . . . . . . 1 88 . . Kinetic 29167 | . 105 121 258 35 . 131 752 237 114 35 . . 721 251 303 . 2851 2361 650 232 1539 1022 2495 1392 768 . 727 842 10446 513 266 Thermal 6133 | . 169 170 412 115 . . 225 443 52 54 . . 264 47 . . 1142 784 451 . . . 4 . 102 . 135 467 . 228 869 Explosive 2003 | . . . . . . . . 415 . . . . . . . . . . . . . . . . . . . . 181 . 1407 Electromagnetic 8505 | . . . . 48 99 264 730 592 300 84 . 340 66 498 . . 830 1041 789 . . . . 293 185 . 275 732 763 . 576 Impact . | . . . . . . . . . . . . . . . . . . . . . . . . . . . . . . . . Slashing 99 | . . . . . . . . . . . . . 99 . . . . . . . . . . . . . . . . . . Piercing 1519 | . . . . . . . . . . . . . . . . . . 60 . . . . . . . . . . . . 1459 Highest Corruption 20 | . 2 2 . . . . . 1 1 1 1 2 1 1 . . 9 9 9 9 11 11 2 2 2 2 9 3 9 14 20 Average Corruption 4 | . 2 2 . . . . . 1 1 1 1 2 1 1 . . 6 9 9 9 9 11 1 2 2 2 3 2 6 11 9 Corruption Purged . | . . . . . . . . . . . . . . . . . . . . . . . . . . . . . . . . Effects 580 | . . 6 . . . . . 1 5 3 . 3 6 2 . . 43 106 42 5 44 35 8 13 17 2 26 19 131 33 30 Message Errors 122 | . . 2 . . . . . . 1 3 . 2 3 2 . . 5 24 6 4 10 5 4 3 6 1 10 4 17 4 6 Matter Fused 86 | . . . . . . . . . . . . . . . . . 8 24 11 1 7 6 . . . . 3 3 16 4 3 Heat Flow Errors 54 | . . 4 . . . . . . . . . 1 . . . . 2 6 2 . 6 3 . 2 1 1 3 4 12 5 2 Energy Discharges 69 | . . . . . . . . . 3 . . . 2 . . . 5 12 3 . 3 5 1 6 5 . 2 2 15 4 1 Parts Rejected 5 | . . . . . . . . . . . . . . . . . 1 . . . . 2 . . . . . . 1 . 1 Data Loss (minor) 57 | . . . . . . . . 1 . . . . . . . . 7 12 3 . 2 3 . 1 3 . 1 5 13 1 5 Data Loss (major) 15 | . . . . . . . . . . . . . . . . . 3 2 1 . 2 1 . . . . 1 . 5 . . Misfires 13 | . . . . . . . . . . . . . . . . . 1 2 4 . 3 . . . . . 2 . 1 . . Alerts 2 | . . . . . . . . . . . . . . . . . . . . . . . . . . . . . . 1 1 Misdirections 14 | . . . . . . . . . . . . . . . . . . . . . 1 5 . . . . . . . 5 3 Targeting Errors 118 | . . . . . . . . . 1 . . . 1 . . . 9 20 10 . 10 3 2 1 2 . 3 1 41 8 6 Weapon Failures 25 | . . . . . . . . . . . . . . . . . 2 4 2 . . 2 1 . . . 1 . 10 1 2 Overload Shots . | . . . . . . . . . . . . . . . . . . . . . . . . . . . . . . . . Overflow Damage 709 | . . . . . . . 41 12 . . . . 145 . . . 228 56 53 . 10 . . 27 . . . . . . 137 Projectiles 45 | . . . . . . . 35 . . . . . . . . . . . . . . . . . . . . . . . 10 Explosions 498 | . . . . . . . 6 12 . . . . 145 . . . 228 24 53 . . . . 27 . . . . . . 3 Melee 166 | . . . . . . . . . . . . . . . . . . 32 . . 10 . . . . . . . . . 124 Knockbacks . | . . . . . . . . . . . . . . . . . . . . . . . . . . . . . . . . Impact . | . . . . . . . . . . . . . . . . . . . . . . . . . . . . . . . . Kinetic . | . . . . . . . . . . . . . . . . . . . . . . . . . . . . . . . . Secondary . | . . . . . . . . . . . . . . . . . . . . . . . . . . . . . . . . Self-Inflicted Damage 701 | . 5 . . . . . 34 101 . . . . . . . . 141 11 91 . . . . 2 8 . . 145 80 . 83 Shots 28 | . . . . . . . 1 3 . . . . . . . . 5 2 2 . . . . 1 1 . . 4 2 . 7 Rammed 10 | . 1 . . . . . 2 . . . . . . 1 . . . . . . 2 . . . . . . 1 3 . . Targets Rammed 11 | . 1 . . . . . 2 . . . . . . 1 . . . . . . 3 . . . . . . 1 3 . . Kicked . | . . . . . . . . . . . . . . . . . . . . . . . . . . . . . . . . Crushed 1 | . . . . . . . . . . . . . . . . . . . . . 1 . . . . . . . . . . Highest Temperature 443 | . 82 244 300 150 110 216 121 244 286 12 . 443 226 392 45 . 199 334 299 . 164 250 324 314 222 240 219 249 388 164 302 Average Temperature 80 | . 35 80 83 61 56 76 26 87 120 9 . 166 74 127 27 . 62 93 85 . 79 73 87 128 69 140 61 59 73 37 109 Received Heat Transfer 4815 | . 84 129 63 6 . 54 225 279 108 36 . 99 126 366 27 . 747 1041 97 . 138 183 99 103 55 . 48 6 243 . 453 Effects 13 | . . . . . . . . 1 3 . . 1 . 2 . . . 2 . . . . 3 . . . . . 1 . . Shutdowns 3 | . . . . . . . . . . . . 1 . 1 . . . . . . . . . . . . . . 1 . . Energy Bleed 2 | . . . . . . . . 1 . . . . . . . . . 1 . . . . . . . . . . . . . Interference 7 | . . . . . . . . . 3 . . . . . . . . 1 . . . . 3 . . . . . . . . Short Circuit 1 | . . . . . . . . . . . . . . 1 . . . . . . . . . . . . . . . . . Siege Activations 39 | . . . . . . . . . . . . . . . 1 . 4 2 2 1 4 3 4 2 2 . 3 2 8 . 1 Total Turns 637 | . . . . . . . . . . . . . . . 10 . 95 32 30 2 64 55 57 56 30 . 33 23 134 . 16 Longest Duration 50 | . . . . . . . . . . . . . . . 10 . 50 17 25 2 21 29 23 29 20 . 16 16 33 . 16 Robots Corrupted 15 | . . . . . 1 . . 1 . . . 1 . 1 . . 4 2 1 . . . . . . . . 2 2 . . Combat Hostiles 14 | . . . . . . . . 1 . . . 1 . 1 . . 4 2 1 . . . . . . . . 2 2 . . Parts Fried 65 | . . . . . . 1 1 5 2 . . 2 2 2 . . 17 6 10 . . . . 1 1 . . 7 6 . 2 Impact Corruptions 1 | . . . . . . . . . . . . . . . . . . . . . 1 . . . . . . . . . . Robots Melted . | . . . . . . . . . . . . . . . . . . . . . . . . . . . . . . . . Combat Hostiles . | . . . . . . . . . . . . . . . . . . . . . . . . . . . . . . . . Parts Melted 15 | . 1 . 1 . . . . . . . . 1 . 1 . . . 1 . . . . . . . . . 2 3 . 5 Heat Transferred 7298 | . 444 407 851 185 . . 287 409 50 50 . . 150 50 . . 974 1186 350 . . . 50 . 100 . 100 470 . 260 925 Parts Sabotaged 9 | . . . . . . . . . . . . . . . . . . . . . . 5 . . . . . . 4 . . Parts Stolen . | . . . . . . . . . . . . . . . . . . . . . . . . . . . . . . . . Parts Stripped . | . . . . . . . . . . . . . . . . . . . . . . . . . . . . . . . . Power Chain Reactions 21 | . . . . . . . 3 3 1 1 . . . 1 . . 1 4 3 . . . . . 2 . 1 1 . . . Missiles Intercepted . | . . . . . . . . . . . . . . . . . . . . . . . . . . . . . . . . Alert | -11 -10 -10 -9 -9 -9 -8 -8 -7 -7 -7 -7 -6 -6 -6 -5 -5 -5 -5 -5 -5 -5 -5 -4 -4 -4 -4 -3 -3 -3 -3 -2 ------- Run | Scr Mat Min Mat Min Exi Min Mat Fac Low Low Zio Pro Fac Gar Fac Was Fac Ext Cet Arc Hub Gar Fac Upp Upp Zhi Pro Res Arm Lab Res Peak Influence 1260 | . 220 99 475 247 . 190 434 190 . . . . 468 393 252 208 560 622 1123 647 649 883 1154 . . . . 202 1260 . 489 Initial 463 | . . 7 38 75 . . . 60 . . . . 23 112 205 88 5 217 327 449 226 403 463 . . . . 20 86 . . Average 295 | . 113 48 314 120 . 62 161 75 . . . . 198 259 208 106 335 178 782 587 491 727 851 . . . . 35 592 . 178 Maximum Alert Level 4 | . 1 . 2 1 . . 2 . . . . . 2 1 1 1 2 2 4 2 2 3 4 . . . . . 4 . 2 Low Security (%) 50 | 100 92 100 15 87 . 100 69 100 . . . . 38 30 . 75 14 61 . . . . . . . . . 100 22 . 62 Level 1 21 | . 7 . 65 12 . . 22 . . . . . 57 69 100 24 41 21 5 . 20 . . . . . . . 22 . 27 Level 2 15 | . . . 19 . . . 8 . . . . . 3 . . . 44 17 49 100 79 37 33 . . . . . 2 . 9 Level 3 10 | . . . . . . . . . . . . . . . . . . . 37 . . 62 45 . . . . . 46 . . Level 4 1 | . . . . . . . . . . . . . . . . . . . 7 . . . 21 . . . . . 5 . . Level 5 . | . . . . . . . . . . . . . . . . . . . . . . . . . . . . . . . . High Security . | . . . . . . . . . . . . . . . . . . . . . . . . . . . . . . . . Max Security . | . . . . . . . . . . . . . . . . . . . . . . . . . . . . . . . . Squads Dispatched 60 | . 2 . . . . . 3 5 . . . . 6 . . . 10 3 . . 4 . 4 . . . . 4 10 . 9 Investigation 10 | . 1 . . . . . 2 2 . . . . . . . . 1 1 . . . . 1 . . . . 2 . . . Extermination 18 | . . . . . . . . 2 . . . . 3 . . . 1 . . . 2 . 1 . . . . . 6 . 3 Reinforcement 19 | . 1 . . . . . 1 1 . . . . 1 . . . 3 2 . . 2 . 1 . . . . 2 2 . 3 Assault 6 | . . . . . . . . . . . . . 1 . . . 3 . . . . . . . . . . . 2 . . Garrison 4 | . . . . . . . . . . . . . 1 . . . 2 . . . . . 1 . . . . . . . . Intercept 3 | . . . . . . . . . . . . . . . . . . . . . . . . . . . . . . . 3 Construction Impeded 6 | . . . . . . . . . . . . . . . . . 1 2 . . 1 . 1 . . . . . . . 1 Haulers Reinforced 1 | . . . . . . . . . . . . . . . . . . . . . . . . . . . . 1 . . . Stealth | -11 -10 -10 -9 -9 -9 -8 -8 -7 -7 -7 -7 -6 -6 -6 -5 -5 -5 -5 -5 -5 -5 -5 -4 -4 -4 -4 -3 -3 -3 -3 -2 --------- Run | Scr Mat Min Mat Min Exi Min Mat Fac Low Low Zio Pro Fac Gar Fac Was Fac Ext Cet Arc Hub Gar Fac Upp Upp Zhi Pro Res Arm Lab Res Distress Signals 30 | . 1 1 1 . . . 3 1 . . . . . . . . 1 1 2 1 4 . 1 . . . . 9 4 . . Communications Jammed . | . . . . . . . . . . . . . . . . . . . . . . . . . . . . . . . . Distress Signals . | . . . . . . . . . . . . . . . . . . . . . . . . . . . . . . . . Times Spotted 579 | . 10 10 21 9 . 8 33 27 2 1 . 6 14 13 3 2 45 41 23 4 27 22 26 15 10 . 9 35 94 1 68 Peak Tracking Total 9 | . 4 3 5 4 . 4 5 6 1 1 . 4 6 6 2 1 9 9 8 1 6 7 6 7 3 . 2 9 7 1 9 Tactical Retreats 42 | . . 2 1 . . . 6 3 . . . 1 . 5 . . 1 2 . . 3 2 2 . . . . 2 4 . 8 Traps | -11 -10 -10 -9 -9 -9 -8 -8 -7 -7 -7 -7 -6 -6 -6 -5 -5 -5 -5 -5 -5 -5 -5 -4 -4 -4 -4 -3 -3 -3 -3 -2 ------- Run | Scr Mat Min Mat Min Exi Min Mat Fac Low Low Zio Pro Fac Gar Fac Was Fac Ext Cet Arc Hub Gar Fac Upp Upp Zhi Pro Res Arm Lab Res Traps Triggered 23 | . 2 . . . . . . 1 . . . . 2 3 1 . 3 4 . . . . . . . . . . 4 . 3 Indirectly . | . . . . . . . . . . . . . . . . . . . . . . . . . . . . . . . . Trap Hack Attempts . | . . . . . . . . . . . . . . . . . . . . . . . . . . . . . . . . Triggered . | . . . . . . . . . . . . . . . . . . . . . . . . . . . . . . . . Disarmed 4 | . . . . . . . . . . . . . . . . . . 4 . . . . . . . . . . . . . Reprogrammed 10 | . . . . . . . 10 . . . . . . . . . . . . . . . . . . . . . . . . Reused 4 | . . . . . . . 4 . . . . . . . . . . . . . . . . . . . . . . . . Traps Extracted . | . . . . . . . . . . . . . . . . . . . . . . . . . . . . . . . . Installed 1 | . . . . . . . . . . . . . . . . . . . . . . . . . . . 1 . . . . Triggered 6 | . . . . . . . 4 . . . . . . . . . 1 . . . . . . . . . . 1 . . . Machines | -11 -10 -10 -9 -9 -9 -8 -8 -7 -7 -7 -7 -6 -6 -6 -5 -5 -5 -5 -5 -5 -5 -5 -4 -4 -4 -4 -3 -3 -3 -3 -2 ---------- Run | Scr Mat Min Mat Min Exi Min Mat Fac Low Low Zio Pro Fac Gar Fac Was Fac Ext Cet Arc Hub Gar Fac Upp Upp Zhi Pro Res Arm Lab Res Machines Disabled 67 | . . 1 1 . . . 2 1 . . . . 11 1 . . 13 2 2 2 1 2 5 . . . . . 16 3 4 Max in Single Turn 9 | . . 1 . . . . 1 1 . . . . 9 1 . . 5 1 1 . 1 1 2 . . . . . 2 1 2 Garrison Access 6 | . . . . . . . . 1 . . . . 1 . . . 2 . . . . . 1 . . . . 1 . . . Garrison Relay 2 | . . . . . . . . . . . . . . 1 . . . . . . . 1 . . . . . . . . . Energy Cycler 1 | . . . . . . . . . . . . . . . . . . . . . . . . . . . . . 1 . . Machines Sabotaged . | . . . . . . . . . . . . . . . . . . . . . . . . . . . . . . . . Garrisons Compromised . | . . . . . . . . . . . . . . . . . . . . . . . . . . . . . . . . Overloaded Fab Kills . | . . . . . . . . . . . . . . . . . . . . . . . . . . . . . . . . Fab Network Shutdowns 1 | . . . . . . . . . . . . . . . . . . . . . . . . . . . . . 1 . . Hacking | -11 -10 -10 -9 -9 -9 -8 -8 -7 -7 -7 -7 -6 -6 -6 -5 -5 -5 -5 -5 -5 -5 -5 -4 -4 -4 -4 -3 -3 -3 -3 -2 --------- Run | Scr Mat Min Mat Min Exi Min Mat Fac Low Low Zio Pro Fac Gar Fac Was Fac Ext Cet Arc Hub Gar Fac Upp Upp Zhi Pro Res Arm Lab Res Machines Accessed 98 | . 4 . 5 . 2 . 10 13 . . . 1 9 . 2 . 6 14 3 . 5 . 3 1 . 5 . 4 8 2 1 Terminals 61 | . 4 . 4 . . . 9 6 . . . 1 6 . . . 1 12 3 . 4 . . . . . . 3 7 . 1 Fabricators 6 | . . . . . . . . 1 . . . . 1 . 1 . 1 . . . . . 1 . . . . . 1 . . Repair Stations 4 | . . . . . . . . 2 . . . . . . . . 1 1 . . . . . . . . . . . . . Recycling Units 5 | . . . . . . . 1 1 . . . . 1 . 1 . . 1 . . . . . . . . . . . . . Scanalyzers 5 | . . . 1 . . . . 2 . . . . . . . . 1 . . . . . 1 . . . . . . . . Garrison Access 7 | . . . . . . . . 1 . . . . 1 . . . 2 . . . 1 . 1 . . . . 1 . . . Total Hacks 386 | . 13 . 32 . 24 . 62 42 . . . 1 27 . 6 . 24 44 6 . 12 . 7 1 . 27 . 19 19 19 1 Successful 262 | . 8 . 20 . 24 . 41 26 . . . 1 19 . 2 . 15 24 1 . 7 . 5 1 . 27 . 13 9 19 . Failed 121 | . 5 . 11 . . . 20 15 . . . . 8 . 4 . 9 20 5 . 5 . 2 . . . . 6 10 . 1 Catastrophic 16 | . 1 . 1 . . . 4 2 . . . . 1 . . . . . 1 . 1 . . . . . . 1 3 . 1 Database Lockouts 3 | . . . 1 . . . 1 1 . . . . . . . . . . . . . . . . . . . . . . . Manual 140 | . 4 . 18 . . . 39 15 . . . . 9 . 1 . 10 12 1 . 7 . . . . . . 11 11 1 1 Terminals 232 | . 13 . 28 . . . 59 26 . . . 1 18 . . . 3 37 6 . 11 . . . . . . 17 12 . 1 Fabricators 22 | . . . . . . . . 1 . . . . 6 . 3 . 3 . . . . . 2 . . . . . 7 . . Repair Stations 16 | . . . . . . . . 9 . . . . . . . . 3 4 . . . . . . . . . . . . . Recycling Units 13 | . . . . . . . 3 2 . . . . 2 . 3 . . 3 . . . . . . . . . . . . . Scanalyzers 15 | . . . 4 . . . . 3 . . . . . . . . 5 . . . . . 3 . . . . . . . . Garrison Access 17 | . . . . . . . . 1 . . . . 1 . . . 10 . . . 1 . 2 . . . . 2 . . . Terminal Hacks 158 | . 5 . 10 . 24 . 26 9 . . . 1 10 . . . 2 12 1 . 2 . . 1 . 27 . 6 3 19 . Record 60 | . . . . . 24 . . . . . . 1 . . . . . . 1 . . . . . . 15 . . . 19 . Part Schematic 7 | . . . . . . . . 2 . . . . . . . . . 1 . . . . . . . 4 . . . . . Robot Analysis 9 | . . . 2 . . . 2 . . . . . 1 . . . . . . . . . . . . 4 . . . . . Prototype ID Bank 15 | . 2 . 1 . . . 4 1 . . . . 1 . . . . 2 . . . . . . . 4 . . . . . Open Door 6 | . . . . . . . . . . . . . . . . . . 3 . . . . . 1 . . . . 2 . . Branch Access Points 5 | . . . 1 . . . 1 1 . . . . . . . . . 1 . . . . . . . . . 1 . . . Terminal Index 5 | . . . . . . . 1 1 . . . . 1 . . . . 1 . . . . . . . . . 1 . . . Fabricator Index 2 | . . . . . . . . . . . . . 1 . . . . . . . . . . . . . . 1 . . . Repair Station Index 1 | . . . . . . . . . . . . . . . . . . . . . . . . . . . . 1 . . . Scanalyzer Index 1 | . . . . . . . . . . . . . . . . . 1 . . . . . . . . . . . . . . Alert Level 3 | . . . 1 . . . 2 . . . . . . . . . . . . . . . . . . . . . . . . Unreport Threat 11 | . . . 2 . . . 3 1 . . . . 1 . . . 1 1 . . 1 . . . . . . . 1 . . Locate Traps 10 | . 1 . 1 . . . 2 2 . . . . 1 . . . . 2 . . . . . . . . . 1 . . . Disarm Traps 1 | . . . . . . . . . . . . . . . . . . 1 . . . . . . . . . . . . . Reprogram Traps 2 | . . . . . . . 2 . . . . . . . . . . . . . . . . . . . . . . . . Dispatch Records 2 | . 1 . . . . . 1 . . . . . . . . . . . . . . . . . . . . . . . . Security Status 1 | . . . . . . . 1 . . . . . . . . . . . . . . . . . . . . . . . . Patrol Status 1 | . . . . . . . 1 . . . . . . . . . . . . . . . . . . . . . . . . Transport Status 1 | . . . . . . . 1 . . . . . . . . . . . . . . . . . . . . . . . . Recall Investigation 1 | . 1 . . . . . . . . . . . . . . . . . . . . . . . . . . . . . . Recall Extermination 1 | . . . . . . . . . . . . . 1 . . . . . . . . . . . . . . . . . . Hauler Manifests 2 | . . . . . . . 2 . . . . . . . . . . . . . . . . . . . . . . . . Registered Components 2 | . . . . . . . 1 . . . . . . . . . . . . . . . . . . . . 1 . . . Zone Layout 9 | . . . 2 . . . 2 1 . . . . 3 . . . . . . . 1 . . . . . . . . . . Fabricator Hacks 7 | . . . . . . . . . . . . . 3 . . . . . . . . . 2 . . . . . 2 . . Load Schematic 3 | . . . . . . . . . . . . . 1 . . . . . . . . . 1 . . . . . 1 . . Build 4 | . . . . . . . . . . . . . 2 . . . . . . . . . 1 . . . . . 1 . . Repair Station Hacks 12 | . . . . . . . . 8 . . . . . . . . 1 3 . . . . . . . . . . . . . Scan Component 7 | . . . . . . . . 4 . . . . . . . . 1 2 . . . . . . . . . . . . . Repair 5 | . . . . . . . . 4 . . . . . . . . . 1 . . . . . . . . . . . . . Recycling Unit Hacks 4 | . . . . . . . 1 1 . . . . . . 1 . . 1 . . . . . . . . . . . . . Report Inventory 4 | . . . . . . . 1 1 . . . . . . 1 . . 1 . . . . . . . . . . . . . Scanalyzer 10 | . . . 4 . . . . . . . . . . . . . 5 . . . . . 1 . . . . . . . . Insert Component 6 | . . . 2 . . . . . . . . . . . . . 3 . . . . . 1 . . . . . . . . Analyze 4 | . . . 2 . . . . . . . . . . . . . 2 . . . . . . . . . . . . . . Garrison Access Hacks 10 | . . . . . . . . 1 . . . . 1 . . . 4 . . . 1 . 2 . . . . 1 . . . Unlock Access 2 | . . . . . . . . . . . . . 1 . . . . . . . 1 . . . . . . . . . . Seal Access 4 | . . . . . . . . 1 . . . . . . . . 2 . . . . . 1 . . . . . . . . Coupler Status 4 | . . . . . . . . . . . . . . . . . 2 . . . . . 1 . . . . 1 . . . Unauthorized Hacks 61 | . 3 . 6 . . . 14 7 . . . . 5 . 1 . 3 8 . . 4 . . . . . . 6 4 . . Terminals 49 | . 3 . 6 . . . 13 5 . . . . 2 . . . 1 8 . . 4 . . . . . . 5 2 . . Track 20 | . 2 . 2 . . . 5 1 . . . . . . . . . 5 . . 2 . . . . . . 2 1 . . Assimilate 3 | . . . 2 . . . . . . . . . . . . . . . . . . . . . . . . . 1 . . Botnet 19 | . 1 . 1 . . . 4 3 . . . . 2 . . . 1 2 . . 2 . . . . . . 3 . . . Disrupt 2 | . . . . . . . 2 . . . . . . . . . . . . . . . . . . . . . . . . Operators 5 | . . . 1 . . . 2 1 . . . . . . . . . 1 . . . . . . . . . . . . . Fabricators 6 | . . . . . . . . 1 . . . . 2 . 1 . . . . . . . . . . . . . 2 . . Report 2 | . . . . . . . . 1 . . . . . . 1 . . . . . . . . . . . . . . . . Prioritize 2 | . . . . . . . . . . . . . 1 . . . . . . . . . . . . . . . 1 . . Siphon 2 | . . . . . . . . . . . . . 1 . . . . . . . . . . . . . . . 1 . . Repair Stations . | . . . . . . . . . . . . . . . . . . . . . . . . . . . . . . . . Recycling Units 3 | . . . . . . . 1 1 . . . . 1 . . . . . . . . . . . . . . . . . . Mask 1 | . . . . . . . . . . . . . 1 . . . . . . . . . . . . . . . . . . Tunnel 2 | . . . . . . . 1 1 . . . . . . . . . . . . . . . . . . . . . . . Scanalyzers . | . . . . . . . . . . . . . . . . . . . . . . . . . . . . . . . . Garrison Access 3 | . . . . . . . . . . . . . . . . . 2 . . . . . . . . . . 1 . . . Reprogram 3 | . . . . . . . . . . . . . . . . . 2 . . . . . . . . . . 1 . . . Data Cores Recovered 2 | . . . . . . . . . . . . . . . . . . 1 . . . . . . . . . . 1 . . Used . | . . . . . . . . . . . . . . . . . . . . . . . . . . . . . . . . Hacking Detections 77 | . 4 . 5 . . . 5 11 . . . . 7 . 2 . 6 14 4 . 5 . 3 . . . . 3 7 . 1 Full Trace Events 3 | . . . . . . . . 1 . . . . . . . . . 1 . . . . 1 . . . . . . . . Feedback Events 1 | . . . . . . . . . . . . . . . . . . . . . . . 1 . . . . . . . . Corruption 1 | . . . . . . . . . . . . . . . . . . . . . . . 1 . . . . . . . . Feedback Blocked . | . . . . . . . . . . . . . . . . . . . . . . . . . . . . . . . . Robot Schematics Acquired . | . . . . . . . . . . . . . . . . . . . . . . . . . . . . . . . . Robots Built . | . . . . . . . . . . . . . . . . . . . . . . . . . . . . . . . . Matter . | . . . . . . . . . . . . . . . . . . . . . . . . . . . . . . . . Time . | . . . . . . . . . . . . . . . . . . . . . . . . . . . . . . . . Total Robot Build Rating . | . . . . . . . . . . . . . . . . . . . . . . . . . . . . . . . . Part Schematics Acquired 11 | . . . 2 . . . . 2 . . . . . . . . 2 1 . . . . . . . 4 . . . . . Parts Built 4 | . . . . . . . . . . . . . 2 . . . . . . . . . 1 . . . . . 1 . . Matter 824 | . . . . . . . . . . . . . 371 . . . . . . . . . 102 . . . . . 351 . . Time 397 | . . . . . . . . . . . . . 159 . . . . . . . . . 51 . . . . . 187 . . Total Part Build Rating 20 | . . . . . . . . . . . . . 12 . . . . . . . . . 1 . . . . . 7 . . Parts Repaired 5 | . . . . . . . . 4 . . . . . . . . . 1 . . . . . . . . . . . . . Time 118 | . . . . . . . . 96 . . . . . . . . . 22 . . . . . . . . . . . . . Parts Recycled . | . . . . . . . . . . . . . . . . . . . . . . . . . . . . . . . . Recycled Matter . | . . . . . . . . . . . . . . . . . . . . . . . . . . . . . . . . Retrieved Matter . | . . . . . . . . . . . . . . . . . . . . . . . . . . . . . . . . Retrieved Components . | . . . . . . . . . . . . . . . . . . . . . . . . . . . . . . . . Parts Scanalyzed 5 | . . . 2 . . . . . . . . . . . . . 2 . . . . . 1 . . . . . . . . Part Schematics Acquired 4 | . . . 2 . . . . . . . . . . . . . 2 . . . . . . . . . . . . . . Parts Damaged . | . . . . . . . . . . . . . . . . . . . . . . . . . . . . . . . . Bothacking | -11 -10 -10 -9 -9 -9 -8 -8 -7 -7 -7 -7 -6 -6 -6 -5 -5 -5 -5 -5 -5 -5 -5 -4 -4 -4 -4 -3 -3 -3 -3 -2 ------------ Run | Scr Mat Min Mat Min Exi Min Mat Fac Low Low Zio Pro Fac Gar Fac Was Fac Ext Cet Arc Hub Gar Fac Upp Upp Zhi Pro Res Arm Lab Res Used RIF Installer 2 | . . . . . . . . . . . . . . 1 . . . . . . . 1 . . . . . . . . . Alert ID Control 1 | . . . . . . . . . . . . . . . . . . . . . . 1 . . . . . . . . . Robots Hacked 10 | . . . . . . . . . . . . . . 1 . 2 1 . . . . . 1 . . . . 2 3 . . Non-combat 6 | . . . . . . . . . . . . . . . . . 1 . . . . . 1 . . . . 2 2 . . Combat 4 | . . . . . . . . . . . . . . 1 . 2 . . . . . . . . . . . . 1 . . Robot Hacks Applied 18 | . . . . . . . . . . . . . . 1 . 3 3 . . . . . 1 . . . . 3 7 . . parse_system 3 | . . . . . . . . . . . . . . . . 1 . . . . . . . . . . . . 2 . . find_fabricator 1 | . . . . . . . . . . . . . . . . . . . . . . . . . . . . 1 . . . drop_inventory 1 | . . . . . . . . . . . . . . . . . . . . . . . . . . . . 1 . . . check_alert 1 | . . . . . . . . . . . . . . . . . . . . . . . . . . . . . 1 . . purge_threat 6 | . . . . . . . . . . . . . . . . . 2 . . . . . . . . . . . 4 . . locate_traps 1 | . . . . . . . . . . . . . . . . . 1 . . . . . . . . . . . . . . ignore_targets 2 | . . . . . . . . . . . . . . . . 2 . . . . . . . . . . . . . . . overwrite_iff 1 | . . . . . . . . . . . . . . 1 . . . . . . . . . . . . . . . . . formatsys_low 2 | . . . . . . . . . . . . . . . . . . . . . . . 1 . . . . 1 . . . Relay Couplers Released 15 | . . . . . . . . . . . . . 2 4 . . . . . . . 3 . . . . . 6 . . . Machine Destruction 12 | . . . . . . . . . . . . . 2 4 . . . . . . . 3 . . . . . 3 . . . Programmers 3 | . . . . . . . . . . . . . . . . . . . . . . . . . . . . 3 . . . Attached 5 | . . . . . . . . . . . . . . 1 . 1 . . . . . . 1 . . . . . 1 . 1 Robots Rewired 22 | . . . . . 4 . . . . . . . . . . . . 9 1 . . . . 2 . . . . 5 . 1 Allies Hacked 4 | . . . . . . . . . . . . . . . . . 1 . . . . . . . . . . . 3 . . Hacks Repelled . | . . . . . . . . . . . . . . . . . . . . . . . . . . . . . . . . Allies | -11 -10 -10 -9 -9 -9 -8 -8 -7 -7 -7 -7 -6 -6 -6 -5 -5 -5 -5 -5 -5 -5 -5 -4 -4 -4 -4 -3 -3 -3 -3 -2 -------- Run | Scr Mat Min Mat Min Exi Min Mat Fac Low Low Zio Pro Fac Gar Fac Was Fac Ext Cet Arc Hub Gar Fac Upp Upp Zhi Pro Res Arm Lab Res Total Allies 84 | . . 3 1 3 4 . . . . . 5 . . 1 . 19 6 12 6 . . . 1 2 . . . 5 15 . 1 Largest Group 19 | . . 2 2 4 5 5 1 . . . 5 5 3 1 . 19 16 5 7 6 6 . 1 2 2 . . 4 10 . 1 Highest-Rated Group 714 | . . 62 62 49 41 41 8 . . . 141 141 82 30 . 714 615 182 708 545 545 . 19 95 95 . . 158 481 . 30 Highest-Rated Ally 156 | . . 31 31 16 9 9 8 . . . 31 31 31 30 . 50 50 156 156 94 94 . 19 48 48 . . 83 60 . 30 Total Orders 9 | . . . . . . . . . . . . . . . . . . . 3 . . . 1 . . . . 3 2 . . STAY 3 | . . . . . . . . . . . . . . . . . . . 2 . . . . . . . . 1 . . . FOLLOW 1 | . . . . . . . . . . . . . . . . . . . 1 . . . . . . . . . . . . AID 3 | . . . . . . . . . . . . . . . . . . . . . . . 1 . . . . 2 . . . RETURN 2 | . . . . . . . . . . . . . . . . . . . . . . . . . . . . . 2 . . Ally Attacks 582 | . . 9 18 16 . 9 . . . . . 45 17 5 . 94 37 42 77 21 44 . . 4 13 . . 7 119 . 5 Total Damage 17894 | . . 143 252 167 . 83 . . . . . 804 276 112 . 3389 2663 605 2756 684 1803 . . 152 394 . . 161 3430 . 20 Kills 102 | . . 3 7 4 . . . . . . . 3 1 1 . 8 10 9 21 3 9 . . . 5 . . . 18 . . Allies Corrupted 6 | . . . . . . . . . . . . . . . . . 1 . . . . . 1 . . . . 2 2 . . Allies Melted 1 | . . . . . . . . . . . . . . . . . 1 . . . . . . . . . . . . . . Intel | -11 -10 -10 -9 -9 -9 -8 -8 -7 -7 -7 -7 -6 -6 -6 -5 -5 -5 -5 -5 -5 -5 -5 -4 -4 -4 -4 -3 -3 -3 -3 -2 ------- Run | Scr Mat Min Mat Min Exi Min Mat Fac Low Low Zio Pro Fac Gar Fac Was Fac Ext Cet Arc Hub Gar Fac Upp Upp Zhi Pro Res Arm Lab Res Robot Analysis Total 9 | . . . 2 . . . 2 . . . . . 1 . . . . . . . . . . . . 4 . . . . . Derelict Logs Recovered 8 | . . 1 . 1 . . . . 2 . 1 1 . . . . . . . . . . . 1 1 . . . . . . Drone Launches 5 | . . . . . . . . . . . . . . . . . . . . . . . . . . . . . 5 . . Drone Recoveries 3 | . . . . . . . . . . . . . . . . . . . . . . . . . . . . . 3 . . Decoded 0b10 Intel 3 | . . . . . . . . . . . . . 3 . . . . . . . . . . . . . . . . . . Traps 2 | . . . . . . . . . . . . . 2 . . . . . . . . . . . . . . . . . . Items 1 | . . . . . . . . . . . . . 1 . . . . . . . . . . . . . . . . . . Exploration | -11 -10 -10 -9 -9 -9 -8 -8 -7 -7 -7 -7 -6 -6 -6 -5 -5 -5 -5 -5 -5 -5 -5 -4 -4 -4 -4 -3 -3 -3 -3 -2 ------------- Run | Scr Mat Min Mat Min Exi Min Mat Fac Low Low Zio Pro Fac Gar Fac Was Fac Ext Cet Arc Hub Gar Fac Upp Upp Zhi Pro Res Arm Lab Res Turns Passed 32416 | 44 473 681 715 763 603 846 865 1671 1006 798 1475 676 1386 649 333 624 1585 2460 918 104 956 652 796 1279 1909 474 1411 1910 2784 545 1025 Spaces Moved 17963 | 35 332 434 439 546 401 552 438 934 730 600 1078 443 881 368 213 388 746 1045 407 53 502 337 348 725 969 265 721 876 1167 247 743 Core 131 | 3 . . . . . . . . . . . . . . . . . . 1 . . . . . . . . . . . 127 Treads 8224 | . 2 1 18 3 . 1 1 1 2 . . 12 1 14 4 256 746 542 382 53 502 337 348 725 969 265 721 823 1167 247 81 Legs 407 | . . . . . . . . . . . . . . . . . . 329 24 . . . . . . . . 53 . . 1 Wheels 8667 | 32 330 433 421 543 401 551 437 933 728 600 1078 431 880 354 209 132 . 174 . . . . . . . . . . . . . Hover 534 | . . . . . . . . . . . . . . . . . . . . . . . . . . . . . . . 534 Flight . | . . . . . . . . . . . . . . . . . . . . . . . . . . . . . . . . Fastest Speed 50 | 50 90 120 120 130 130 140 140 120 120 130 130 140 140 140 140 140 160 130 160 160 160 160 160 160 160 170 170 172 152 152 50 Average Speed 151 | 86 116 120 123 130 137 140 145 147 130 130 134 141 140 142 140 153 173 188 183 160 160 160 162 160 179 170 177 185 176 169 76 Slowest Speed 2450 | 90 200 200 180 180 140 180 175 175 200 130 140 205 200 200 180 160 205 300 2450 160 160 160 180 160 225 172 185 210 185 177 331 Overloaded Moves . | . . . . . . . . . . . . . . . . . . . . . . . . . . . . . . . . Propulsion Burnouts . | . . . . . . . . . . . . . . . . . . . . . . . . . . . . . . . . Robots Hopped . | . . . . . . . . . . . . . . . . . . . . . . . . . . . . . . . . Cave-ins Triggered 1 | . . . . . . . . . . . . . . . . . . . . . . . . . . . 1 . . . . Teleports 2 | . . . . . . . . . . . . . . . . . . . . . . . . . . . . . 1 . 1 Exploration Rate (%) 61 | 3 57 88 35 99 90 98 43 30 93 80 84 73 26 38 9 96 22 83 77 71 58 66 9 80 80 62 82 27 69 99 28 Regions Visited 31 Branch Regions 18 Pre-discovered Areas 10 | . . . . 1 1 . 1 1 . . 1 1 . . . . . . . . . . . 1 . 3 . . . . . Known Exits Taken 14 | . . . 1 1 . . . 1 . . . . 1 . . . . 1 . . 1 . 1 1 1 1 1 1 1 1 . Unknown Exits Taken 13 | 1 1 1 . . 1 1 1 . 1 1 1 1 . . . . 1 . 1 1 . . . . . . . . . . . Scrap Searched 24 | . . 1 . 3 . 3 . . 2 4 3 1 . . . . . . . . . . . 3 1 . 3 . . . . Spaces Dug 114 | . . . . . . . 2 14 . . . . 9 . 1 . 5 1 . . . . 4 1 22 . 1 18 27 . 9 Terrain Destroyed 701 | . . 2 . . . . 17 38 3 . . . 18 . 1 . 82 43 24 3 15 3 88 21 52 . 25 35 105 1 125 Melee 61 | . . . . . . . 2 14 . . . . 9 . 1 . 5 1 . . . . . . 19 . 1 . 1 . 8 Projectile 300 | . . 2 . . . . . . . . . . . . . . 6 26 9 3 15 3 56 21 18 . 19 21 85 1 15 AOE 340 | . . . . . . . 15 24 3 . . . 9 . . . 71 16 15 . . . 32 . 15 . 5 14 19 . 102 Terrain Rammed . | . . . . . . . . . . . . . . . . . . . . . . . . . . . . . . . . Walls Destroyed . | . . . . . . . . . . . . . . . . . . . . . . . . . . . . . . . . Machines Disabled . | . . . . . . . . . . . . . . . . . . . . . . . . . . . . . . . . Actions | -11 -10 -10 -9 -9 -9 -8 -8 -7 -7 -7 -7 -6 -6 -6 -5 -5 -5 -5 -5 -5 -5 -5 -4 -4 -4 -4 -3 -3 -3 -3 -2 --------- Run | Scr Mat Min Mat Min Exi Min Mat Fac Low Low Zio Pro Fac Gar Fac Was Fac Ext Cet Arc Hub Gar Fac Upp Upp Zhi Pro Res Arm Lab Res Total 21232 | 45 385 509 550 585 447 602 582 1173 769 612 1103 473 977 443 240 417 916 1365 515 67 606 409 493 787 1053 290 804 1083 1587 327 1018 Wait 859 | . 25 34 28 27 1 27 50 101 2 . 15 19 3 26 10 3 30 40 16 6 65 36 63 18 20 . 31 29 73 5 56 Move 17932 | 34 331 433 438 545 400 551 437 933 729 599 1077 442 880 367 213 387 745 1044 406 52 501 335 347 724 968 264 720 875 1166 246 743 Hop . | . . . . . . . . . . . . . . . . . . . . . . . . . . . . . . . . Pick Up 281 | 5 5 3 15 . 2 4 19 24 9 3 8 1 13 3 3 7 17 25 15 2 5 5 6 1 1 5 7 19 27 7 15 Fast Attach 171 | 6 1 . 2 1 . . 1 6 . . . . . 2 1 1 5 29 4 . . 4 4 2 4 7 3 27 25 9 27 Attach 162 | . . 2 4 . . . 3 6 4 . . 1 4 4 2 1 14 20 5 . . 4 3 . 5 . 4 9 23 12 32 Detach 64 | . . . 3 1 . . . 1 1 . . . 1 2 1 1 . 8 7 . . . 2 . 4 1 . 7 6 13 5 Swap 337 | . 5 2 7 2 2 2 8 26 6 3 2 1 30 7 3 6 27 34 7 3 4 4 17 13 11 3 10 32 51 4 5 Drop 293 | . 2 2 15 2 1 5 14 30 6 4 1 1 13 1 3 8 12 30 20 2 6 1 9 3 2 10 6 30 35 8 11 Fire 915 | . 15 33 38 7 5 13 46 24 12 3 . 8 20 23 3 3 61 117 35 2 22 20 42 26 17 . 17 54 169 18 62 Melee 123 | . . . . . . . 2 14 . . . . 10 . 1 . 5 7 . . . . . . 21 . 3 . 1 5 54 Ram 1 | . 1 . . . . . . . . . . . . . . . . . . . . . . . . . . . . . . Kick . | . . . . . . . . . . . . . . . . . . . . . . . . . . . . . . . . Crush 10 | . . . . . . . 2 . . . . . . 1 . . . . . . 3 . . . . . . 1 3 . . Escape Stasis 45 | . . . . . . . . 8 . . . . 3 7 . . . 11 . . . . . . . . . . 8 . 8 Rewire 38 | . . . . . 36 . . . . . . . . . . . . . . . . . . . . . 2 . . . . Trap 1 | . . . . . . . . . . . . . . . . . . . . . . . . . . . 1 . . . . Miscellaneous . | . . . . . . . . . . . . . . . . . . . . . . . . . . . . . . . . Route ------- -11/Scrapyard -10/Materials (discovered 2 exits: *Mat / [*Min]) -10/Mines (discovered 2 exits: *Mat x2) -9/Materials (discovered 3 exits: *Min / *Sto x2) -9/Mines (discovered 4 exits: *Mat x2 / *Exi / [*Zio]) -9/Exiles (discovered 2 exits: [*Min x2]) -8/Mines (discovered 2 exits: *Mat x2) -8/Materials -7/Factory (discovered 4 exits: *Fac x2 / *Low x2) -7/Lower Caves -7/Lower Caves (discovered 2 exits: *Fac / [*Zio]) -7/Zion -6/Proximity Caves -6/Factory -6/Garrison -5/Factory -5/Waste -5/Factory (discovered 2 exits: *Fac / *Ext) -5/Extension (discovered 2 exits: *Fac / *Cet) -5/Cetus (discovered 3 exits: *Fac x2 / *Arc) -5/Archives -5/Hub_04(d) (discovered 5 exits: *Fac x4 / Gar) -5/Garrison (discovered 2 exits: *Fac x2) -4/Factory -4/Upper Caves -4/Upper Caves (discovered 2 exits: *Res / *Zhi) -4/Zhirov -3/Proximity Caves -3/Research (discovered 3 exits: *Arm / Tes x2) -3/Armory -3/Lab -2/Research History --------- Turn | Location | Event 12 | -11/Scrapyard | Discovered new exit (range 16) 45 | -11/Scrapyard | Entered Materials 249 | -10/Materials | Discovered new exit (range 14) 298 | -10/Materials | Discovered new exit (range 10) 314 | -10/Materials | Build established: Mutant 518 | -10/Materials | Entered Mines 534 | -10/Mines | Discovered new exit (range 14) 580 | -10/Mines | Excavation squad dispatched 580 | -10/Mines | A large section of the Mines collapsed 788 | -10/Mines | Learned Materials terminal intel 942 | -10/Mines | Discovered new exit (range 5) 1101 | -10/Mines | Received a Mining Laser from a helpful Derelict 1199 | -10/Mines | Entered Materials 1199 | -9/Materials | Accompanied by 2 allies 1199 | -9/Materials | Evolved 2 slots: Propulsion x1, Utility x1 1200 | -9/Materials | Loaded intel: 11 terminal locations 1204 | -9/Materials | Led the pair of lost Derelicts to an unsafe place 1405 | -9/Materials | Discovered new exit (range 8) 1729 | -9/Materials | Build established: Scavenger-Mutant 1768 | -9/Materials | Central database locked down 1897 | -9/Materials | Discovered new exit (range 13) 1900 | -9/Materials | Identified exit to Mines 1900 | -9/Materials | Identified exit to Storage 1914 | -9/Materials | Entered Mines 1914 | -9/Mines | Accompanied by 1 ally 1928 | -9/Mines | Met a Derelict bent on vengeance 1941 | -9/Mines | Identified exit to Exiles 2022 | -9/Mines | Assisted by bots powering up and referring to "LRC-V3" 2084 | -9/Mines | Learned location of Storage (-9) 2272 | -9/Mines | Discovered new exit (range 12) 2332 | -9/Mines | A Derelict revealed a hidden shortcut to a safe place 2441 | -9/Mines | Discovered new exit (range 9) 2522 | -9/Mines | Build established: Mutant 2672 | -9/Mines | Deemed a non-threat by the Exiles lab entrance 2677 | -9/Mines | Entered Exiles 2677 | -9/Exiles | Found Exiles lab destroyed 2677 | -9/Exiles | Accompanied by 1 ally 2694 | -9/Exiles | Discovered new exit (range 15) 3018 | -9/Exiles | Learned location of Zion (-7) 3263 | -9/Exiles | Discovered new exit (range 11) 3280 | -9/Exiles | Build established: Commander-Mutant 3280 | -9/Exiles | Entered Mines 3280 | -8/Mines | Accompanied by 5 allies 3545 | -8/Mines | Discovered new exit (range 13) 3595 | -8/Mines | Discovered new exit (range 9) 3598 | -8/Mines | Build established: Derelict-Mutant 4126 | -8/Mines | Entered Materials 4126 | -8/Materials | Accompanied by 1 ally 4126 | -8/Materials | Evolved 2 slots: Propulsion x1, Utility x1 4216 | -8/Materials | Central database locked down 4654 | -8/Materials | Discovered new exit (range 17) 4794 | -8/Materials | Build established: Hauler-Mutant 4991 | -8/Materials | Entered Factory 4991 | -7/Factory | Evolved 2 slots: Utility x1, Weapon x1 5463 | -7/Factory | Identified exit to Lower Caves 5463 | -7/Factory | Central database locked down 5509 | -7/Factory | Build established: Hacker-Tank 5613 | -7/Factory | Repaired Imp. EM Shotgun 5630 | -7/Factory | Repaired Arm. Wheel 5909 | -7/Factory | Discovered new exit (range 14) 6276 | -7/Factory | Discovered new exit (range 16) 6389 | -7/Factory | Repaired Imp. EM Shotgun? 6448 | -7/Factory | Repaired Hvy. EM Shotgun? 6662 | -7/Factory | Entered Lower Caves 6664 | -7/Lower Caves | Attracted the attention of an 0b10 checkpoint 6704 | -7/Lower Caves | Spotted B-75 Beast 6755 | -7/Lower Caves | Destroyed B-75 Beast 6779 | -7/Lower Caves | Lost 3 parts (3w) 6810 | -7/Lower Caves | Learned Factory security intel 6954 | -7/Lower Caves | Learned Factory emergency access door positions 7012 | -7/Lower Caves | Build established: Hauler-Tank 7097 | -7/Lower Caves | Encountered a Warlord checkpoint 7464 | -7/Lower Caves | Discovered new exit (range 13) 7668 | -7/Lower Caves | Entered another Lower Caves area 7670 | -7/Lower Caves | Attracted the attention of an 0b10 checkpoint 7794 | -7/Lower Caves | Discovered new exit (range 13) 8405 | -7/Lower Caves | Discovered new exit (range 8) 8466 | -7/Lower Caves | Entered Zion 8528 | -7/Zion | Received a visual enhancement algorithm 8551 | -7/Zion | System corruption cleaned by Quarantine Array 8612 | -7/Zion | Discovered new exit (range 9) 8903 | -7/Zion | Gained Derelict followers 9007 | -7/Zion | Learned Factory garrison access intel 9255 | -7/Zion | Found Relay Coupler [Programmer] 9264 | -7/Zion | Found Relay Coupler [Programmer] 9268 | -7/Zion | Found Relay Coupler [Programmer] 9275 | -7/Zion | Found Relay Coupler [Programmer] 9332 | -7/Zion | Found CR-A16's Pointy Stick 9393 | -7/Zion | Learned location of Data Miner (-6) 9713 | -7/Zion | Found Relay Coupler [Programmer] 9941 | -7/Zion | Entered Proximity Caves 9941 | -6/Proximity Caves | Accompanied by 5 allies 10033 | -6/Proximity Caves | Attracted the attention of an 0b10 checkpoint 10602 | -6/Proximity Caves | Discovered new exit (range 4) 10617 | -6/Proximity Caves | Entered Factory 10617 | -6/Factory | Accompanied by 3 allies 10617 | -6/Factory | Evolved 2 slots: Utility x2 10620 | -6/Factory | Loaded intel: 4 garrison access locations 10923 | -6/Factory | Garrison activated, responded to threat 11805 | -6/Factory | Fabricated Imp. Arc Projector? 11928 | -6/Factory | Fabricated Imp. Arc Projector? 11999 | -6/Factory | Identified exit to Garrison 12003 | -6/Factory | Entered Garrison 12010 | -6/Garrison | Installed Relay Interface Framework 12042 | -6/Garrison | Triggered checkpoint 12077 | -6/Garrison | Garrison Relay disabled 12154 | -6/Garrison | Triggered checkpoint 12616 | -6/Garrison | Discovered new exit (range 8) 12652 | -6/Garrison | Entered Factory 12652 | -5/Factory | Evolved 2 slots: Utility x2 12985 | -5/Factory | Sucked down chute 12985 | -5/Factory | Entered Waste 13054 | -5/Waste | Spotted C-40 Crusher 13071 | -5/Waste | Spotted C-40 Crusher 13083 | -5/Waste | Warlord forces began an assault 13177 | -5/Waste | Spotted C-40 Crusher 13182 | -5/Waste | Allies destroyed C-40 Crusher 13197 | -5/Waste | Found Damper Plating 13269 | -5/Waste | Found Damper Plating 13318 | -5/Waste | Discovered new exit (range 15) 13346 | -5/Waste | Build established: Bothacker-Mutant 13609 | -5/Waste | Entered Factory 13609 | -5/Factory | Accompanied by 16 allies 14143 | -5/Factory | Build established: Bothacker-Skirmisher 14209 | -5/Factory | First assault squad dispatched 14358 | -5/Factory | Lost 4 parts (4u) 14359 | -5/Factory | Destroyed 9 combat bots 14545 | -5/Factory | Lost 3 parts (1n1u1w) 14631 | -5/Factory | Discovered new exit (range 24) 14780 | -5/Factory | Discovered new exit (range 13) 14805 | -5/Factory | Garrison activated, responded to threat 15194 | -5/Factory | Entered Extension 15432 | -5/Extension | Rescued a captive Derelict 15567 | -5/Extension | Repaired Lrn. Terrain Scanner? 15655 | -5/Extension | Identified exit to Cetus 16026 | -5/Extension | Build established: Hacker-Mutant 16313 | -5/Extension | Spotted B-75 Beast 16334 | -5/Extension | Destroyed B-75 Beast 16360 | -5/Extension | Spotted B-75 Beast 16491 | -5/Extension | Lost 18 parts (1p7n6u4w) 16702 | -5/Extension | Build established: Bothacker-Mutant 16817 | -5/Extension | Core integrity fell below 50% 16883 | -5/Extension | Destroyed B-75 Beast 17261 | -5/Extension | Destroyed 9 combat bots 17265 | -5/Extension | Lost 3 parts (3w) 17297 | -5/Extension | Rescued a captive Derelict 17416 | -5/Extension | Lost 3 parts (1n1u1w) 17548 | -5/Extension | Rescued A7 17607 | -5/Extension | Discovered new exit (range 10) 17654 | -5/Extension | Entered Cetus 17654 | -5/Cetus | Accompanied by 1 ally (A7) 17659 | -5/Cetus | Acquired a Cetus Manufacturing Module code from A7 17682 | -5/Cetus | Spotted Cetus Guard 17682 | -5/Cetus | Spotted Cetus Guard 17687 | -5/Cetus | Destroyed Cetus Guard 17687 | -5/Cetus | Spotted Cetus Guard 17695 | -5/Cetus | Allies destroyed Cetus Guard 17695 | -5/Cetus | Spotted Cetus Guard 17699 | -5/Cetus | Rewired Cetus Guard 17706 | -5/Cetus | Allies destroyed Cetus Guard 17870 | -5/Cetus | Discovered new exit (range 16) 17923 | -5/Cetus | Build established: Bothacker-Gunner 18054 | -5/Cetus | Started Cetus Manufacturing Module 18079 | -5/Cetus | Manufactured an Enhanced Grunt 18104 | -5/Cetus | Manufactured an Enhanced Grunt 18112 | -5/Cetus | Discovered new exit (range 16) 18129 | -5/Cetus | Manufactured an Enhanced Grunt 18154 | -5/Cetus | Manufactured an Enhanced Grunt 18174 | -5/Cetus | Spotted Cetus Guard 18175 | -5/Cetus | Spotted Cetus Guard 18179 | -5/Cetus | Manufactured an Enhanced Grunt 18180 | -5/Cetus | Spotted Cetus Guard 18185 | -5/Cetus | Allies destroyed Cetus Guard 18187 | -5/Cetus | Allies destroyed Cetus Guard 18286 | -5/Cetus | Discovered new exit (range 16) 18295 | -5/Cetus | Met Revision 17 18530 | -5/Cetus | Destroyed A7 18533 | -5/Cetus | Extracted ID and sensor layout for unrecognized location from A7's data core 18572 | -5/Cetus | Entered Archives 18572 | -5/Archives | Accompanied by 6 allies 18593 | -5/Archives | Build established: Scavenger-Gunner 18630 | -5/Archives | Unable to access archive contents 18647 | -5/Archives | Discovered new exit (range 15) 18676 | -5/Archives | Entered Hub_04(d) 18676 | -5/Hub_04(d) | Accompanied by 6 allies 18900 | -5/Hub_04(d) | Discovered new exit (range 16) 18952 | -5/Hub_04(d) | Discovered new exit (range 8) 19211 | -5/Hub_04(d) | System corruption reached 10% 19260 | -5/Hub_04(d) | Discovered new exit (range 12) 19481 | -5/Hub_04(d) | Discovered new exit (range 15) 19624 | -5/Hub_04(d) | Identified exit to Garrison 19632 | -5/Hub_04(d) | Entered Garrison 19696 | -5/Garrison | Triggered checkpoint 19738 | -5/Garrison | Triggered checkpoint 19813 | -5/Garrison | Garrison Relay disabled 19874 | -5/Garrison | Core integrity fell below 20% 19928 | -5/Garrison | Triggered checkpoint 20037 | -5/Garrison | Discovered new exit (range 13) 20245 | -5/Garrison | Discovered new exit (range 13) 20276 | -5/Garrison | Expanded RIF knowledge: Alert ID Control 20284 | -5/Garrison | Entered Factory 20284 | -4/Factory | Evolved 2 slots: Utility x1, Weapon x1 20558 | -4/Factory | Garrison activated, responded to threat 20692 | -4/Factory | Discovered new exit (range 12) 20720 | -4/Factory | Fabricated Hcp. Storage Unit? 20928 | -4/Factory | Build established: Scavenger-Tank 21079 | -4/Factory | Identified exit to Upper Caves 21080 | -4/Factory | Entered Upper Caves 21387 | -4/Upper Caves | Build established: Scavenger-Gunner 21390 | -4/Upper Caves | Encountered a Warlord checkpoint 21586 | -4/Upper Caves | Attracted the attention of an 0b10 outpost 21642 | -4/Upper Caves | Destroyed 7 combat bots 22093 | -4/Upper Caves | Attracted the attention of an 0b10 checkpoint 22258 | -4/Upper Caves | Discovered new exit (range 15) 22332 | -4/Upper Caves | Identified exit to Upper Caves 22359 | -4/Upper Caves | Entered another Upper Caves area 22359 | -4/Upper Caves | Accompanied by 2 allies 22363 | -4/Upper Caves | Discovered new exit (range 7) 22379 | -4/Upper Caves | Identified exit to Research 23229 | -4/Upper Caves | Attracted the attention of an 0b10 checkpoint 23282 | -4/Upper Caves | Destroyed 7 combat bots 23628 | -4/Upper Caves | Learned 4 Research zone layouts 24158 | -4/Upper Caves | Discovered new exit (range 12) 24205 | -4/Upper Caves | Found Alien Artifact 24205 | -4/Upper Caves | Identified Core Expander 24205 | -4/Upper Caves | Installed Core Expander, added new Utility slot 24263 | -4/Upper Caves | Identified exit to Zhirov 24268 | -4/Upper Caves | Entered Zhirov 24268 | -4/Zhirov | Discovered new exit (range 3) 24270 | -4/Zhirov | Identified exit to Proximity Caves 24299 | -4/Zhirov | Met Zhirov 24330 | -4/Zhirov | Learned location of Quarantine (-2) 24330 | -4/Zhirov | Learned location of Testing (-3) 24330 | -4/Zhirov | Learned location of Command (-1) 24345 | -4/Zhirov | Zhirov requested help retrieving the SGEMP Prototype 24370 | -4/Zhirov | Found Alien Artifact 24392 | -4/Zhirov | Found Alien Artifact 24392 | -4/Zhirov | Identified Integrated Dissipator 24392 | -4/Zhirov | Installed Integrated Dissipator, increased core heat dissipation (+20) 24742 | -4/Zhirov | Entered Proximity Caves 25713 | -3/Proximity Caves | Build established: Bothacker-Gunner 25782 | -3/Proximity Caves | Crushed by falling debris 25996 | -3/Proximity Caves | Discovered exit to Research (range 10) 26153 | -3/Proximity Caves | Entered Research 26153 | -3/Research | Evolved 2 slots: Power x1, Utility x1 26154 | -3/Research | Identified exit to Testing 26285 | -3/Research | Identified exit to Armory 26353 | -3/Research | Revision forces began assault on 0b10 26399 | -3/Research | Met up with Revision 17++ 26439 | -3/Research | Lost 14 parts (2p2n3u7w) 26629 | -3/Research | Build established: Scavenger-Gunner 26853 | -3/Research | Research terminal network offline 26988 | -3/Research | Spotted Striker 26989 | -3/Research | Spotted Executioner 27195 | -3/Research | Build established: Hacker-Gunner 27615 | -3/Research | Found Prototype Device 27615 | -3/Research | Identified Exp. Shield Generator 27749 | -3/Research | Found Gamma Bomb Array 27815 | -3/Research | Spotted Striker 27817 | -3/Research | Spotted Executioner 27820 | -3/Research | Destroyed Striker 27827 | -3/Research | Destroyed Executioner 27858 | -3/Research | Spotted Striker 27864 | -3/Research | Destroyed Striker 27872 | -3/Research | Spotted Executioner 27880 | -3/Research | Destroyed Executioner 28063 | -3/Research | Entered Armory 28457 | -3/Armory | Assisted by bots powering up and referring to "LRC-V3" 28733 | -3/Armory | Spotted B-86 Titan 29213 | -3/Armory | Destroyed B-86 Titan 29267 | -3/Armory | Found Hvy. Reflective Plating 29348 | -3/Armory | Fabricated Assault Drone Bay? 29372 | -3/Armory | Local fabrication network quarantined 29609 | -3/Armory | First assault squad dispatched 29820 | -3/Armory | Found Prototype Device 29820 | -3/Armory | Identified Exp. Transmission Jammer 30342 | -3/Armory | Core integrity fell below 50% 30425 | -3/Armory | Lost 10 parts (1p1n4u4w) 30803 | -3/Armory | Lost 3 parts (3w) 30846 | -3/Armory | Identified Transdimensional Reconstructor 30846 | -3/Armory | Warped through subspace to slip node 30846 | -3/Armory | Discovered new exit (range 1) 30846 | -3/Armory | Identified exit to Lab 30847 | -3/Armory | Entered Lab 30850 | -3/Lab | Discovered new exit (range 9) 30863 | -3/Lab | Identified exit to Research 30870 | -3/Lab | Hidden lab's door opened automatically 30870 | -3/Lab | Sensor layout match revealed 30871 | -3/Lab | Gained access to the hidden lab's interior 30908 | -3/Lab | Unable to decrypt terminal 31061 | -3/Lab | Detected by scanners 31070 | -3/Lab | Confronted by A5 31073 | -3/Lab | Found Alien Artifact 31074 | -3/Lab | Identified Integrated Reactor 31074 | -3/Lab | Installed Integrated Reactor, increased core energy generation (+10) 31086 | -3/Lab | System corruption reached 10% 31140 | -3/Lab | Destroyed A5 31159 | -3/Lab | Found Prototype Hackware 31159 | -3/Lab | Identified Exp. Hacking Suite 31162 | -3/Lab | Found Prototype Hackware 31162 | -3/Lab | Identified Exp. System Shield 31168 | -3/Lab | Found Prototype Protection 31168 | -3/Lab | Identified Med. Regenerative Plating 31184 | -3/Lab | Found Alien Artifact 31184 | -3/Lab | Identified Core Regenerator 31184 | -3/Lab | Used Core Regenerator, restored core integrity (+325) 31214 | -3/Lab | Found Prototype Protection 31214 | -3/Lab | Identified Exp. Powered Armor 31224 | -3/Lab | Found Prototype Energy Gun 31224 | -3/Lab | Identified Tachyon Dispersion Ray 31229 | -3/Lab | Found Tachyon Dispersion Ray 31243 | -3/Lab | Found Prototype Hackware 31285 | -3/Lab | Found Transdimensional Reconstructor 31325 | -3/Lab | Unable to decrypt terminal 31349 | -3/Lab | Found Prototype Special Weapon 31392 | -3/Lab | Entered Research 31392 | -2/Research | Evolved 2 slots: Utility x2 31467 | -2/Research | Identified Gui. Remote Datajack 31595 | -2/Research | Identified Deep Network Scanner 31821 | -2/Research | Destroyed 12 combat bots 31821 | -2/Research | Lost 22 parts (3p1n8u10w) 31945 | -2/Research | Lost 8 parts (2p3n3u) 32067 | -2/Research | Lost 3 parts (2u1w) 32246 | -2/Research | System corruption reached 10% 32283 | -2/Research | Core integrity fell below 50% 32303 | -2/Research | Intercept squad dispatched 32328 | -2/Research | Spotted Tracker 32329 | -2/Research | Spotted Tracker 32330 | -2/Research | Core integrity fell below 20% 32334 | -2/Research | Warped through subspace 32363 | -2/Research | Lost 16 parts (1p4n5u6w) 32368 | -2/Research | Build established: Scavenger-Mutant 32417 | -2/Research | Found Prototype Device 32417 | -2/Research | Identified Beam Splitter 32417 | -2/Research | Destroyed by Y-72 Warden with Railgun Last Messages --------------- 32403_ Lgt. Quantum Reactor destroyed. 32403_ Slug penetrates Wall. 32403_ Penetrated by Slug. 32403_ Inertial Stasis Machine destroyed. 32406_ Penetrated by Slug. 32407_ Slug penetrates Wall. 32409_ Penetrated by Slug. 32413_ System corrupted: Matter fused (-6). 32413_ Penetrated by Slug. 32413_ Slug penetrates Wall. 32413_ Triggered Blade Trap. 32413_ Massive razor-sharp blades shoot up from within the floor. 32413_ Biometal Medium Treads severed. 32413_ Triggered Blade Trap. 32413_ Massive razor-sharp blades shoot up from within the floor. 32413_ Biometal Medium Treads severed. 32417_ Acquired Prototype Device. 32417_ Identified Beam Splitter. 32417_ Malfunction: Energy drain (-51). 32417_ Penetrated by Slug. Map ----- +----------------------------------------------------+ | ??????????????????????????????????????????????? | | ??????????????????????????????????????????????? | | ??????????????????????????????????????????????? | | ??????????????????????????????????????????????? | | ??????????????????????????????????????????????? | | ???????????????????????##########?????????????? | | ?????????????########### #?????????????? | | ?????????????# ! # #?????????????? | | ????????????## # #?????????????? | | ????????????? !! # #?????????????? | | ?????????????# ! # """ #?????????????? | | ?????????????# ! # """ #?????????????? | | ?????????????#* # """ =??????????????? | | ?????????????? ! # ????????????????? | | ???????????????? ??# ??????????????????? | | ??????????????####+######+####????????????????? | | ??????????????# ^ #????????????????? | | ??????????????# = #????????????????? | | ??????????????# = #????????????????? | | ??????????????# = #????????????????? | | ??????????????####+###### #????????????????? | | ??????????????# ## #????????????????? | | ??????????????# ## #????????????????? | | ?????????????## ## #????????????????? | | ?????????????#Y ! ## #????????????????? | | ?????????????## !@## #????????????????? | | ??????????????# !!## #????????????????? | | ??????????????# ## #????????????????? | | ??????????????# ## #????????????????? | | ??????????????# = ## ########?????????? | | ??????????????########### #?????????? | | ????????????????????????# #?????????? | | ????????????????????????# #?????????? | | ????????????????????????# #?????????? | | ????????????????????????# ####+######??????? | | ????????????????????????# # #??????? | | ????????????????????????# # #??????? | | ????????????????????????# + !! #??????? | | ????????????????????????# # !! #??????? | | ???????????????#????????# # #??????? | | ???????????????# ??????# # #??????? | | ???????????????# ????# # #??????? | | ???????????????#""" ??# # #??????? | | ???????????????#""" # ########/##?????## | | ???????????????#""" + #??????? ????? | | ???????????????# # #??????? ????? | | ???????????????# ??# #???????? ??? | | ???????????????# ????# #???????? ?? | | ???????????????# ??????# #???????? ? ? | | ???????????????#????????# #????????? ??? | +----------------------------------------------------+ Best States ------------- Heat Dissipation 107 Coolant Potential 120 Energy Generation 59 Energy Capacity 2400 Matter Stores 550 Matter Capacity 550 Sight Range 23 Robot Scan Range 20 Terrain Scan Range 24 Terrain Scan Density 210 Power Amplification 30 Additional Mass Support 16 Armor Coverage 2400 Resistance: KI 25 Resistance: EM 90 Power Shielding 90 Weapon Cycling 20 Evasion (%) 53 Targeting Accuracy 8 Target Analysis 8 Armor Integrity Analysis 66 Recoil Reduction 4 Matter Filtering 50 Energy Filtering 30 Kinecelleration 40 Offensive Hacking 41 Defensive Hacking 16 Relay Coupler Types 50 Relay Coupler Value 1 Item Schematics ----------------- Hcp. Storage Unit | -9/Materials | Scanalyzed Mak. Axe | -9/Materials | Scanalyzed Lrn. Sensor Array | -7/Factory | Hacked Imp. Arc Projector | -7/Factory | Hacked Cmb. Antigrav System | -5/Factory | Scanalyzed Disruptor Cannon | -5/Factory | Scanalyzed Quantum Capacitor | -5/Extension | Hacked Assault Drone Bay | -4/Zhirov | Free Exp. Heat Sink | -4/Zhirov | Free Exp. Optical Array | -4/Zhirov | Free Imp. Arc Thrower | -4/Zhirov | Free Robot Schematics ------------------ None Fabricated ------------ Imp. Arc Projector | x1 | -6/Factory Imp. Arc Projector | x1 | -6/Factory Hcp. Storage Unit | x1 | -4/Factory Assault Drone Bay | x1 | -3/Armory Alien Tech Used ----------------- Core Expander Integrated Dissipator Transdimensional Reconstructor Integrated Reactor Core Regenerator Achievements -------------- Collateral Damage Revolutionary Research Challenges ------------ None Game ------ Seed MasterDeliveryRecalibrator Manual? 0 Play Time 06:15:48 Cumulative 157.0 hours Start 2021.08.26 @ 02:33:35 End 2021.08.26 @ 22:23:15 Sessions 5 Manual Loads 0 Difficulty Rogue Special Mode None Game No. 46 Rogue 46 Adventurer 0 Explorer 0 Win Type - Total 6 Types 5/0/1/0/0/0/0/0/0 Lore% 74 Gallery% 83 Achievement% 64 Wizard Run 0 Options --------- ASCII 0 Keyboard 0 Movement Numpad Keybinds 0 Fullscreen 1 Font 14/SmallcapsGlow Map View 84x54 Tactical HUD 1 Map Filters NONE Filters NONE Steam 1 RUN: caa32308-106f-434f-9528-1629ff894c52